 Dungeon Crawl Stone Soup version 0.21.1-1-g345015f (webtiles) character file.

34 inc the Charmwright (level 3, -3/16 HPs)
             Began as a Felid Skald on June 12, 2018.
             Slain by an adder (4 damage)
             ... on level 2 of the Dungeon.
             The game lasted 00:01:43 (1262 turns).

inc the Charmwright (Felid Skald)                   Turns: 1262, Time: 00:01:43

Health: -3/16      AC:  1    Str:  7    XL:     3   Next: 14%
Magic:  4/7        EV: 18    Int: 16    God:
Gold:   69         SH:  0    Dex: 16    Spells: 5/6 levels left
                                        Lives:  0   Deaths: 0

rFire    . . .     SeeInvis +     - Unarmed
rCold    . . .     Gourm    .   (shield unavailable)
rNeg     . . .     Faith    .   (armour unavailable)
rPois    .         Spirit   .   (helmet unavailable)
rElec    .         Reflect  .   (cloak unavailable)
rCorr    .         Harm     .   (gloves unavailable)
MR       .....                  (boots unavailable)
Stlth    ++........             (no amulet)
HPRegen  0.05/turn              f - +2 ring of intelligence
MPRegen  0.10/turn              (no ring)

@: infused, quick
A: very small, no armour, no weapons or thrown items, stealth, claws 1, fangs 3,
see invisible, carnivore, speed 1, shaggy fur 1, slow metabolism 1, sharp paws
a: no special abilities


You were on level 2 of the Dungeon.
You were very full.

You visited 1 branch of the dungeon, and saw 2 of its levels.

You collected 69 gold pieces.

Inventory:

Jewellery
 f - a +2 ring of intelligence (left paw)
Scrolls
 c - 5 scrolls of identify {unknown}
 d - a scroll of fear {unknown}
 g - a scroll of amnesia {unknown}
 h - a scroll of fog {unknown}
Potions
 e - 2 potions of heal wounds {unknown}
Books
 a - a book of Battle

   Spells                             Type                      Level
   a - Infusion                       Charms                       1
   b - Shroud of Golubria             Charms/Translocation         2
   c - Song of Slaying                Charms                       2
   d - Spectral Weapon                Hexes/Charms                 3
   e - Regeneration                   Charms/Necromancy            3
Comestibles
 b - a ration


   Skills:
 - Level 2.0 Fighting
 - Level 3.2 Dodging
 + Level 3.6 Unarmed Combat
 - Level 2.0 Spellcasting
 - Level 3.6 Charms


You had 5 spell levels left.
You knew the following spells:

 Your Spells              Type           Power        Failure   Level  Hunger
a - Infusion              Chrm           ##..         4%          1    #......


Dungeon Overview and Level Annotations

Branches:
Dungeon (2/15)

Altars:


Innate Abilities, Weirdness & Mutations

You cannot wear armour.
You are incapable of wielding weapons or throwing items.
Your paws allow you to move quietly. (Stealth)
You have sharp claws.
You have razor-sharp teeth.
You have supernaturally acute eyesight. (SInv)
You are carnivorous and can eat meat at any time.
You cover ground quickly.
You are covered in fur. (AC +1)
You have a slow metabolism.
Your sharp claws are effective at attacking unaware monsters.


Message History

The worm is moderately wounded.
The adder completely misses you.
Casting: Infusion
Confirm with . or Enter, or press ? or * to list all spells.
You begin infusing your attacks with magical energy.
The adder bites you. The worm barely misses you. The adder closely misses you.
You scratch the worm.
The worm is heavily wounded.
The adder closely misses you. The worm bites you.
* * * LOW HITPOINT WARNING * * *
Unknown command.
You scratch the worm! You claw the worm, but do no damage.
You bite the worm, but do no damage.
The worm is almost dead.
The adder closely misses you.
Unknown command.
You barely miss the worm.
The worm is almost dead.
The adder bites you.
You die...

#.# ##### ..#
#....####..#####
#.............!.
#!.(.<.......###
#....<..........
#........(....#
#.........(...#
####....@w....#
#....S.....#
##........##
#..........#
#..........#
#..........#
#..........#
#..........#


You could see a worm and an adder.

Vanquished Creatures
  A dart slug (D:1)
  A leopard gecko (D:1)
  6 bats (D:1)
  A giant cockroach (D:1)
  3 goblins (D:1)
  5 hobgoblins (D:1)
  6 kobolds
  2 frilled lizards (D:1)
  3 rats (D:1)
28 creatures vanquished.

Notes
Turn   | Place    | Note
-------+----------+-------------------------------------------
     0 | D:1      | inc the Felid Skald began the quest for the Orb.
     0 | D:1      | Reached XP level 1. HP: 9/9 MP: 4/4
   129 | D:1      | Reached XP level 2. HP: 4/13 MP: 1/6
   954 | D:1      | Reached XP level 3. HP: 11/16 MP: 3/7
  1262 | D:2      | Slain by an adder

Skill      XL: |  1  2 |
---------------+-------+-----
Unarmed Combat | 3 |  3.6
Fighting       | |  2.0
Dodging        | |  3.2
Spellcasting   | |  2.0
Charms         | |  3.6

Action                   || total
-------------------------++-------
Melee: Unarmed           ||    99
       Bite              ||     7
       Punch             ||     3
 Cast: Infusion          ||     5
 Stab: Sleeping          ||     2
  Eat: Chunk             ||     7
Armor: Skin              ||     6
Dodge: Dodged            ||   108
